Map: Lerilak Crest

Players

Vanquisher - Winner!

  • Race: Zerg Zerg
  • League: Platinum

LilDicky

  • Race: Protoss Protoss
  • League: Diamond

VOD

http://www.twitch.tv/tumescentpie

Description

Time

  • Played on: Jan. 4, 2016, 3:18 a.m.
  • Length: 18:00
Show
View Real Time Build Order
Export as new Build Order

Vanquisher Zerg - Winner!

Build Orders: Hatch First 

Get SALT Encoding   

  12  0:01  Drone  
  13  0:12  Drone  
  14  0:21  Overlord  
  14  0:47  Hatchery  
  13  0:55  Drone x3  
  16  1:00  Extractor  
  15  1:15  Spawning Pool  
  14  1:25  Drone x2  
  16  1:52  Extractor  
  15  2:06  Zergling x6  
  18  2:26  Zergling x6  
  17  2:38  Zergling x2  
  14  2:48  Drone  
  15  3:05  Drone x2  
  17  3:18  Metabolic Boost  
  18  3:20  Drone  
  18  3:28  Drone  
  18  3:31  Drone  
  20  3:37  Drone  
  20  3:40  Drone  
  20  4:22  Drone x3  
  21  4:25  Drone x3  
  24  4:48  Overlord  
  24  4:49  Overlord, Roach Warren  
  23  5:01  Overlord  
  23  5:03  Queen  
  23  5:04  Queen  
  23  5:05  Zergling x2  
  28  5:24  Zergling x4  
  28  5:25  Zergling x6  
  33  5:33  Zergling x2  
  33  5:44  Roach  
  33  5:45  Roach  
  33  5:58  Zergling x4  
  33  6:03  Roach x2  
  32  6:13  Roach  
  32  6:15  Roach  
  28  6:33  Zergling x4  
  28  6:34  Drone, Zergling x2  
  28  6:35  Drone  
  32  6:42  Drone  
  32  6:49  Drone  
  32  6:50  Queen  
  33  7:13  Zergling x4  
  34  7:23  Drone  
  34  7:24  Drone x3  
  34  7:29  Queen  
  35  7:38  Zergling x2  
  35  7:39  Zergling x2  
  37  7:54  Drone  
  37  7:57  Drone x3  
  41  8:08  Lair  
  41  8:16  Spore Crawler  
  41  8:18  Drone x2, Spine Crawler  
  41  8:22  Drone x2  
  41  8:23  Overlord  
  43  8:40  Drone  
  44  8:47  Drone x4  
  48  8:50  Drone x3  
  48  8:51  Drone  
  52  9:01  Hatchery  
  51  9:16  Drone x2  
  54  9:17  Drone  
  54  9:23  Drone x3, Hydralisk Den  
  56  9:25  Extractor  
  56  9:26  Drone, Extractor  
  56  9:27  Drone x5  
  60  10:01  Lair  
  60  10:02  Overlord  
  60  10:03  Overlord x2  
  60  10:16  Zergling x2  
  60  10:17  Zergling x4  
  60  10:18  Roach  
  60  10:20  Roach x2  
  63  10:34  Roach x3  
  63  10:35  Roach x3  
  64  10:53  Roach  
  64  10:54  Roach x2  
  62  11:16  Glial Reconstitution  
  56  11:27  Spine Crawler  
  56  11:28  Spine Crawler  
  54  11:35  Spire  
  53  11:44  Roach  
  53  11:45  Roach x2  
  55  11:47  Roach x3  
  44  12:30  Drone x3  
  44  12:31  Drone  
  44  12:32  Drone x2  
  48  12:43  Drone  
  49  12:46  Drone  
  49  12:50  Extractor  
  49  12:52  Drone  
  49  12:54  Queen  
  52  13:09  Mutalisk x2  
  52  13:10  Mutalisk  
  58  13:25  Drone  
  59  13:33  Queen  
  61  13:48  Mutalisk x3  
  61  13:50  Drone x3  
  70  14:03  Drone  
  70  14:04  Drone  
  70  14:05  Drone x2  
  74  14:35  Drone x3  
  74  14:38  Spore Crawler  
  76  14:54  Drone  
  77  15:15  Hatchery  
  76  15:22  Overseer  
  76  15:33  Mutalisk  
  76  15:34  Mutalisk x3  
  84  15:37  Overlord x4  
  84  15:54  Overlord x2  
  84  16:00  Mutalisk x6  
  96  16:15  Roach x3  
  96  16:16  Roach  
  104  16:37  Roach  
  104  16:38  Roach x4  
  112  17:13  Mutalisk x3  
  112  17:14  Mutalisk x3  
  112  17:15  Mutalisk x2  
Show
View Real Time Build Order
Export as new Build Order

LilDicky Protoss 

Build Orders:  

Get SALT Encoding   

  12  0:01  Probe (Chrono Boost)  
  13  0:12  Probe (Chrono Boost)  
  14  0:21  Pylon  
  14  0:25  Probe (Chrono Boost)  
  15  0:39  Probe (Chrono Boost)  
  16  0:49  Probe (Chrono Boost)  
  17  0:52  Gateway  
  17  1:00  Probe (Chrono Boost)  
  18  1:09  Pylon  
  18  1:13  Probe (Chrono Boost), Forge  
  19  1:23  Probe (Chrono Boost)  
  19  1:25  Assimilator  
  20  1:37  Probe (Chrono Boost)  
  21  1:48  Photon Cannon  
  21  1:52  Photon Cannon  
  21  1:58  Pylon  
  21  2:00  Photon Cannon  
  21  2:14  Cybernetics Core  
  21  2:31  Photon Cannon  
  21  2:32  Probe (Chrono Boost)  
  22  2:48  Probe (Chrono Boost)  
  25  2:59  Mothership Core (Chrono Boost)  
  25  3:12  Pylon  
  25  3:13  Gateway  
  25  3:17  Gateway  
  25  3:23  Assimilator  
  25  3:29  Gateway  
  25  3:33  Gateway  
  25  3:36  Probe (Chrono Boost)  
  25  4:01  Pylon  
  23  4:21  Probe (Chrono Boost)  
  23  4:23  Warp Gate (Chrono Boost)  
  24  4:26  Adept  
  24  4:27  Adept x4  
  34  4:46  Probe  
  35  4:53  Adept  
  35  4:58  Pylon  
  35  4:59  Adept, Assimilator  
  36  6:17  Adept  
  26  6:41  Adept x3  
  26  6:42  Adept  
  32  6:54  Mothership Core  
  34  7:04  Pylon  
  34  7:06  Pylon  
  34  7:08  Pylon  
  32  7:48  Adept x4  
  34  7:59  Gateway  
  34  8:00  Gateway  
  34  8:09  Nexus  
  34  8:12  Pylon  
  34  8:13  Adept x4, Pylon  
  34  8:15  Pylon  
  42  8:25  Robotics Facility  
  42  8:26  Probe  
  43  8:31  Pylon  
  43  8:39  Probe  
  43  8:40  Adept  
  43  8:41  Adept  
  48  8:59  Probe  
  48  9:01  Adept x2  
  53  9:24  Adept x2  
  53  9:25  Adept  
  53  9:30  Sentry  
  61  9:31  Sentry  
  63  9:44  Warp Prism (Chrono Boost)  
  65  9:59  Pylon  
  63  11:02  Adept x6  
  63  11:03  Adept  
  71  11:37  Adept x3  
  71  11:38  Sentry, Adept  
  71  11:39  Sentry  
  57  12:03  Sentry  
  33  12:46  Adept x5  
  33  12:47  Adept x2  
  47  13:00  Forge  
  47  13:05  Nexus  
  47  13:06  Pylon  
  47  13:08  Pylon  
  47  13:26  Adept x4  
  55  13:45  Stalker x3  
  55  13:46  Stalker  
  55  14:25  Photon Cannon  
  55  14:26  Stalker  
  53  14:37  Photon Cannon  
  53  14:41  Stalker  
  55  14:50  Probe  
  56  14:55  Pylon  
  56  15:00  Probe  
  56  15:02  Stalker  
  57  15:13  Protoss Ground Weapons Level 1  
  57  15:18  Twilight Council  
  56  15:23  Zealot  
  56  15:26  Probe x2  
  56  15:27  Probe  
  61  15:38  Photon Cannon  
  61  15:44  Probe, Pylon  
  61  15:45  Probe  
  61  16:12  Stalker x4  
  61  16:13  Stalker  
  71  16:28  Zealot  
  71  16:29  Zealot  
  67  17:08  Photon Cannon  
  67  17:10  Photon Cannon  
  67  17:14  Stalker x4, Photon Cannon  
  67  17:15  Photon Cannon  
Tags
 
Add a new tag
Caveats
  • Supply blocks, unpowered buildings, or Contaminate may cause inaccurate times.
  • Supply counts are checked every 10 seconds.